Selects Battlefield Espionage Battlegroup
Construct Light Support Kompanie
Selects Intel Disruption Beacon
Construct Mechanized Kompanie
Construct Panzerarmee Kommand
Selects 250/3 Funkpanzerwagen
Flak 36 Anti-tank Gun Team
Walking Stuka Rocket Launcher
Selects Advanced Ambush Training
Selects Operation Skorpion
Walking Stuka Rocket Launcher
Flak 36 Anti-tank Gun Team
Walking Stuka Rocket Launcher
Flak 36 Anti-tank Gun Team